 Dungeon Crawl Stone Soup version 0.31-a0-1074-g0b22e4e0f1 (webtiles) character file.

Game seed: 2731391070673088235

2752 sammy202020 the Ruffian (level 9, -2/70 HPs)
             Began as a Demonspawn Shapeshifter on Nov 27, 2023.
             Was an Initiate of Gozag.
             Slain by Maggie
             ... wielding a +2 broad axe of flaming
              (11 damage)
             ... on level 7 of the Dungeon.
             The game lasted 00:09:33 (5576 turns).

sammy202020 the Ruffian (Demonspawn Shapeshifter)   Turns: 5576, Time: 00:09:33

Health: -2/70      AC: 11    Str: 17    XL:     9   Next: 41%
Magic:  9/9        EV:  9    Int: 17    God:    Gozag
Gold:   189        SH:  0    Dex: 11    Spells: 8/8 levels left

rFire   . .          .
                       - Unarmed
rCold   . . .        (no shield)
rNeg    . . .        q - +0 chain mail
rPois   .            (helmet currently unavailable)
rElec   +            (cloak currently unavailable)
rCorr   +            (gloves currently unavailable)
SInv    +            (boots currently unavailable)
Will    ++...        (no amulet) Stlth
                     g - ring of see invisible
HPRegen 0.31/turn    i - ring of Migyig {Will++ rCorr}
MPRegen 0.11/turn

%: no passive effects
@: beast-form
A: beast (slay +3), horns 1, demonic guardian 1, icemail 1, sharp scales 2,
condensation shield, hooves 1, clever 1, electricity resistance, subdued magic 1
a: Begin Untransformation, Renounce Religion, Potion Petition, Call Merchant,
Bribe Branch


You were on level 7 of the Dungeon.
You worshipped Gozag.
Gozag was aware of your devotion.
You were a hulking beast.
You visited 2 branches of the dungeon, and saw 8 of its levels.

You collected 779 gold pieces.
You spent 533 gold pieces at shops.
You paid 57 gold pieces to Gozag.

Inventory:

Hand Weapons
 k - a +1 sling of freezing
 l - a +1 flail of venom
Missiles
 j - 7 boomerangs
 n - 3 atropa-tipped darts (quivered)
Armour
 a - a +0 animal skin
 f - a +0 pair of gloves
 q - a +0 chain mail (worn)
Jewellery
 g - a ring of see invisible (left hand)
 h - a ring of ice
 i - the ring of Migyig (right hand) {Will++ rCorr}
   (You bought it in a shop on level 7 of the Dungeon)

   [ring of resist corrosion]

   Will++:    It greatly increases your willpower.
   rCorr:     It protects you from acid and corrosion.
 t - a ring of wizardry
 w - a +6 ring of strength
Talismans
 c - a beast talisman
 d - a flux talisman
Wands
 p - a wand of mindburst (14)
 x - a wand of iceblast (13)
Scrolls
 r - 2 scrolls of fear
 u - 2 scrolls of poison
Potions
 b - 2 potions of lignification
 e - a potion of ambrosia
 o - 3 potions of brilliance
 s - 2 potions of enlightenment


   Skills:
 * Level 6.3 Fighting
 + Level 4.1 Armour
 + Level 4.4 Dodging
 * Level 6.5 Unarmed Combat
 * Level 6.0 Shapeshifting


You had 8 spell levels left.
You didn't know any spells.
Your spell library contained the following spells:

 Spells                   Type           Power      Damage    Failure   Level
 Magic Dart               Conj           0%         1d3       91%         1
 Shock                    Conj/Air       0%         1d3       91%         1
 Searing Ray              Conj           0%         2d4       97%         2
 Swiftness                Air            0%         N/A       100%        3
 Tukima's Dance           Hex            0%         N/A       100%        3
 Airstrike                Air            0%         2d(0-16)  100%        4
 Dimensional Bullseye     Hex/Tloc       0%         N/A       100%        4
 Fulminant Prism          Conj/Hex       0%         3d5       100%        4
 Iskenderun's Mystic Bla  Conj/Tloc      0%         2d3       100%        4
 Summon Forest            Summ/Tloc      0%         N/A       100%        5
 Eringya's Noxious Bog    Tmut/Pois      0%         4d6       100%        6
 Summon Hydra             Summ           0%         N/A       100%        7


Dungeon Overview and Level Annotations

Branches:
Dungeon (7/15)             Temple (1/1) D:4

Altars:
Ashenzari
Cheibriados
Dithmenos
Fedhas
Gozag
Kikubaaqudgha
Makhleb
Nemelex Xobeh
Okawaru
Qazlal
Ru
Sif Muna
Trog
Uskayaw
Vehumet
Wu Jian
Xom
Yredelemnul

Shops:
D:4 *   D:7 [=

Annotations:
D:7 Maggie, Menkaure


Innate Abilities, Weirdness & Mutations

You are a hulking beast.
Your limbs bulge with bestial killing power. (Slay +3)
You have a pair of small horns on your head.
A weak demonic guardian rushes to your aid.
A meltable icy envelope protects you from harm. (AC +0)
You are mostly covered in razor-sharp scales. (AC +2, Slay +2)
A meltable shield of frost defends you. (SH +0)
You have large cloven feet.
Your mind is acute. (Int +4, Str/Dex -1)
You are resistant to electric shocks. (rElec)
Your spells are a little easier to cast, but a little less powerful.


Message History

You are too injured to fight recklessly!
You are too injured to fight recklessly!
You are too injured to fight recklessly!
You are too injured to fight recklessly!
You are too injured to fight recklessly!
You are too injured to fight recklessly!
You are too injured to fight recklessly!
You are too injured to fight recklessly!
You are too injured to fight recklessly!
You are too injured to fight recklessly!
You are too injured to fight recklessly!
You are too injured to fight recklessly!
You are too injured to fight recklessly!
You are too injured to fight recklessly!
Unknown command.
You are too injured to fight recklessly!
You hit Maggie but do no damage. You headbutt Maggie, but do no damage.
Maggie casts a spell at you. The bolt of fire hits you!!
* * * LOW HITPOINT WARNING * * *
A demonic guardian appears!
You hit Maggie. Your kick misses Maggie. You headbutt Maggie, but do no damage.
Maggie is lightly wounded.
Menkaure is no longer distracted by gold.
Maggie hits you with a +2 broad axe of flaming!
* * * LOW HITPOINT WARNING * * *
Maggie burns you.
* * * LOW HITPOINT WARNING * * *
You feel better.
Maggie hits you with a +2 broad axe of flaming!
* * * LOW HITPOINT WARNING * * *
Maggie burns you.
* * * LOW HITPOINT WARNING * * *
Your iron imp hits Maggie.
Menkaure calls on the powers of darkness!
Maggie convulses!
You feel a surge of unholy energy.
You feel better.
Maggie hits you with a +2 broad axe of flaming!
You die...
Your body crumbles into a pile of gold.

............... #....
.........!..[... ..##...
......[............#....
....M...................
........................#
.........................
..#........5...............
#..#......$.@$....##........
...........h................
............................
......>......#..............
#..........#.#.##...........
.............#.# ........#.
................#. ....##.#.
....>.........<.... ..).....
.......###......... . ......
.......##.##..#......
......#


You could see Maggie (ally target), Menkaure and a friendly iron imp (summoned).

Vanquished Creatures
  A shadow (D:5)
  4 yaks (D:5)
  A steam dragon (D:7)
  Edmund (D:5)
  A water moccasin (D:6)
  An ice beast (D:6)
  2 sky beasts
  2 ogres (D:5)
  2 phantoms
  A kobold brigand (D:5)
  A gnoll sergeant (D:5)
  2 scorpions
  2 hounds
  6 jellies
  2 orc wizards
  3 iguanas
  3 sleepcaps
  Natasha (thrice) (D:2)
  Robin (D:2)
  7 gnolls (D:5)
  5 adders
  2 white imps
  3 worms
  3 dart slugs
  18 orcs
  8 bats
  8 endoplasms
  6 giant cockroaches
  21 goblins
  14 hobgoblins
  2 jackals (D:5)
  5 kobolds
  5 quokkas
  4 ball pythons
  5 frilled lizards
  8 rats
163 creatures vanquished.

Notes
Turn   | Place    | Note
-------+----------+-------------------------------------------
     0 | D:1      | sammy202020 the Demonspawn Shapeshifter began the quest for
                  | the Orb.
     0 | D:1      | Reached XP level 1. HP: 15/15 MP: 1/1
   162 | D:1      | Gained mutation: A meltable shield of frost defends you.
                  | (SH +0) [demonic ancestry]
   162 | D:1      | Reached XP level 2. HP: 21/21 MP: 2/2
   247 | D:1      | Found a faded altar of an unknown god.
   248 | D:1      | Noticed a golden eye
   250 | D:1      | Noticed a shining eye
   250 | D:1      | Noticed a golden eye
   250 | D:1      | Noticed a golden eye
   268 | D:1      | Gained mutation: You are partially covered in razor-sharp
                  | scales. (AC +1, Slay +1) [demonic ancestry]
   268 | D:1      | Reached XP level 3. HP: 25/26 MP: 3/3
  1047 | D:2      | Reached skill level 1 in Armour
  1182 | D:2      | Noticed Robin
  1208 | D:2      | Gained mutation: You have a pair of small horns on your
                  | head. [demonic ancestry]
  1208 | D:2      | Reached XP level 4. HP: 25/33 MP: 4/4
  1210 | D:2      | Killed Robin
  1530 | D:2      | Noticed Natasha
  1536 | D:2      | Killed Natasha
  1537 | D:2      | Gained mutation: You are mostly covered in razor-sharp
                  | scales. (AC +2, Slay +2) [demonic ancestry]
  1537 | D:2      | Reached XP level 5. HP: 29/39 MP: 5/5
  1701 | D:2      | Noticed Natasha
  1706 | D:2      | Killed Natasha
  1713 | D:2      | Noticed Natasha
  1722 | D:2      | Killed Natasha
  2174 | D:3      | Found a sacrificial altar of Ru.
  2174 | D:3      | Found a shimmering blue altar of Sif Muna.
  2276 | D:3      | Gained mutation: Your mind is acute. (Int +4, Str/Dex -1)
                  | [potion of mutation]
  2276 | D:3      | Gained mutation: You have large cloven feet. [potion of
                  | mutation]
  2276 | D:3      | Gained mutation: Your spells are a little easier to cast,
                  | but a little less powerful. [potion of mutation]
  2276 | D:3      | Gained mutation: You are resistant to electric shocks.
                  | (rElec) [potion of mutation]
  2483 | D:4      | Reached XP level 6. HP: 46/47 MP: 6/6
  2707 | D:4      | Found a staircase to the Ecumenical Temple.
  2735 | Temple   | Entered the Ecumenical Temple
  2761 | Temple   | Became a worshipper of Gozag Ym Sagoz the Greedy
  2779 | D:4      | Found Uromi's Mayhem Merchandise.
  2874 | D:4      | Found a stormy altar of Qazlal.
  3323 | D:5      | Entered Level 5 of the Dungeon
  3509 | D:5      | Noticed a yak
  3510 | D:5      | Noticed a yak
  3510 | D:5      | Noticed a yak
  3512 | D:5      | Noticed a yak
  3519 | D:5      | Killed a yak
  3520 | D:5      | Gained mutation: A meltable icy envelope protects you from
                  | harm. (AC +0) [demonic ancestry]
  3520 | D:5      | Reached XP level 7. HP: 25/53 MP: 7/7
  3538 | D:5      | Killed a yak
  3543 | D:5      | HP: 1/54 [yak (5)]
  3546 | D:5      | Killed a yak
  3554 | D:5      | Killed a yak
  3555 | D:5      | Reached skill level 5 in Unarmed Combat
  3555 | D:5      | Gained mutation: A weak demonic guardian rushes to your
                  | aid. [demonic ancestry]
  3555 | D:5      | Reached XP level 8. HP: 32/61 MP: 8/8
  4057 | D:5      | Reached skill level 5 in Shapeshifting
  4076 | D:5      | Noticed Edmund
  4091 | D:5      | Killed Edmund
  4092 | D:5      | Reached skill level 5 in Fighting
  4584 | D:6      | Reached XP level 9. HP: 67/69 MP: 9/9
  5492 | D:7      | Found Luqeenk's Jewellery Shop.
  5500 | D:7      | Bought the ring of Migyig {Will++ rCorr} for 533 gold
                  | pieces
  5506 | D:7      | Found Vesess's Antique Armour Shop.
  5564 | D:7      | Noticed Maggie
  5567 | D:7      | Noticed Menkaure
  5574 | D:7      | HP: 3/70 [Maggie/+2 broad axe of flaming (7)]
  5576 | D:7      | Slain by Maggie

Illustrated notes

Levels and vault maps discovered:
D:1:      sevenhm_arrival_forest_fort_large_2, layout_rooms,
          hellmonk_ecumenical_altar_watching_god, minmay_3d_cube
D:2:      layout_loops_corners, serial_bayou, serial_bayou_pond_c,
          serial_bayou_ford_a, serial_bayou_pond_b, serial_bayou_pond_a,
          mrwooster_statue_mirror, uniq_natasha, uniq_robin
D:3:      layout_rooms, gammafunk_temple_overflow_wave
D:4:      layout_loops_corners, grunt_qazlal_sundering,
          minmay_temple_entry_steel_oval, minmay_shop_mayhem
D:5:      kennysheep_big_flooded_room, layout_rooms, uniq_edmund
D:6:      layout_gridville
D:7:      layout_cave_pools, nicolae_hepliaklqana_hippocampus, zin_statuary,
          serial_shops, shop, nicolae_shop_tiny_statue_garden,
          nicolae_diamond_shop, nicolae_nh_oracle_at_delphi, uniq_maurice,
          uniq_menkaure, uniq_maggie, uniq_prince_ribbit1
Temple:   nicolae_temple_slightly_damp_pantheon

Skill      XL: |  1  2  3  4  5  6  7  8  9 |
---------------+----------------------------+-----
Unarmed Combat | 3 4 5 6 |  6.5
Dodging        | 2 3 4 |  4.4
Shapeshifting  | 3 4 5 6 |  6.0
Armour         | 1 2 3 4 |  4.1
Fighting       | 2 3 4 5 6 |  6.3

Action                     |  1- 3 |  4- 6 |  7- 9 || total
---------------------------+-------+-------+-------++-------
  Melee: Unarmed           |   158 |   165 |   162 ||   485
         Punch             |     3 |     6 |    11 ||    20
         Headbutt          |       |    23 |    34 ||    57
         Kick              |       |    10 |    58 ||    68
  Throw: Dart              |       |     3 |       ||     3
    Use: Scroll            |     2 |     8 |     2 ||    12
         Potion            |       |     2 |     6 ||     8
   Stab: Sleeping          |     1 |       |       ||     1
 Armour: Animal skin       |    56 |       |       ||    56
         Ring mail         |     9 |    55 |       ||    64
         Skin              |     1 |    26 |       ||    27
         Leather armour    |     1 |       |       ||     1
         Chain mail        |       |    33 |   117 ||   150
  Dodge: Dodged            |   102 |    65 |    37 ||   204
  Block: Other             |    22 |    29 |    14 ||    65

Table legend: (Time is in decaauts)
 A = Elapsed time spent in this place.
 B = Non-inter-level travel time spent in this place.
 C = Inter-level travel time spent in this place.
 D = Time resting spent in this place.
 E = Time spent auto-exploring this place.
 F = Levels seen in this place.
 G = Mean time per level.
                   A        B        C        D        E       F      G
               +--------+--------+--------+--------+--------+-----+--------+
         Total |   5559 |   5474 |     85 |    291 |   3990 |   8 |  694.9 |
       Dungeon |   5520 |   5435 |     85 |    291 |   3990 |   7 |  788.6 |
        Temple |     38 |     38 |      0 |      0 |      0 |   1 |   38.0 |
               +--------+--------+--------+--------+--------+-----+--------+

Top non-repeatable levels by time:
     D:5: 1185 daAuts
     D:2: 1092 daAuts
     D:4: 964 daAuts
     D:6: 923 daAuts
     D:1: 773 daAuts
     D:3: 459 daAuts
     D:7: 122 daAuts
  Temple: 38 daAuts
